 Dungeon Crawl Stone Soup version 0.27.1-35-g4d5d836560 (webtiles) character file.

Game seed: 12391743438884708144

17935 RascalDebosk the Thrower (level 12, 115/115 HPs)
             Began as a Troll Fighter on Jan 24, 2022.
             Was a Priest of Trog.
             Quit the game on level 2 of the Lair of Beasts on Feb 27, 2022.
             The game lasted 02:22:42 (11251 turns).

RascalDebosk the Thrower (Troll Fighter)           Turns: 11251, Time: 02:22:43

Health: 115/115    AC:  7    Str: 27    XL:     12   Next: 23%
Magic:  29/29      EV: 12    Int:  4    God:    Trog [***...]
Gold:   1369       SH: 16    Dex: 11    Spells: 11/11 levels left

rFire    + + +     SeeInvis +   v - +11 hand axe "Jeomuipn" {spect, MP+9, axe}
rCold    . . .     Faith    .   D - +0 tower shield
rNeg     . . .     Spirit   .   E - +2 robe "Omoratul" {-Tele rPois rF+++ Dex-2}
rPois    +         Reflect  .   (helmet restricted)
rElec    .         Harm     .   d - +0 cloak
rCorr    .         Rampage  .   (gloves unavailable)
Will     .....     NoTele   +   (boots unavailable)
Stlth    +.........             f - amulet of the acrobat
HPRegen  1.29/turn              r - ring of Lafug {MP+9 EV+4}
MPRegen  0.21/turn              u - ring of see invisible

@: no status effects
A: large, unfitting armour, claws 3, regeneration 1, shaggy fur 1, tough skin 1
a: Renounce Religion, Berserk, Trog's Hand


You were on level 2 of the Lair of Beasts.
You worshipped Trog.
Trog was most pleased with you.
You visited 3 branches of the dungeon, and saw 13 of its levels.

You collected 1765 gold pieces.
You spent 396 gold pieces at shops.


Innate Abilities, Weirdness & Mutations

You are too large for most types of armour.
You have claws for hands.
Your natural rate of healing is unusually fast.
You are covered in fur. (AC +1)
You have tough skin. (AC +1)


   Skills:
 + Level 6.3 Fighting
 * Level 8.4 Axes
 * Level 9.1 Throwing
 - Level 4.5 Armour
 + Level 6.3 Dodging
 + Level 6.3 Shields
 + Level 5.0 Evocations


You had 11 spell levels left.
You didn't know any spells.
Your spell library was empty.

Inventory:

Hand Weapons
 a - a +1 war axe of flaming {axe}
 v - the +11 hand axe "Jeomuipn" (weapon) {spect, MP+9, axe}
   (You found it on level 5 of the Dungeon)

   When its wielder attacks, the weapon's spirit leaps out and strikes again.
   The spirit shares a part of any damage it takes with its wielder.
   MP:        It affects your magic capacity (+9).
 J - a +2 hand axe of flaming {axe}
   (You found it on level 10 of the Dungeon)
Missiles
 b - 5 throwing nets {=f!fthrowing}
 g - 103 stones {throwing}
 t - 44 poisoned darts (quivered) {throwing}
 z - a curare-tipped dart {=fthrowing}
 B - 2 javelins {throwing}
 M - 8 boomerangs {throwing}
Armour
 d - a +0 cloak (worn)
   (You found it on level 6 of the Dungeon)
 D - a +0 tower shield (worn)
   (You found it on level 9 of the Dungeon)
 E - the +2 robe "Omoratul" (worn) {-Tele rPois rF+++ Dex-2}
   (You found it on level 9 of the Dungeon)

   Dex:       It affects your dexterity (-2).
   rF:        It renders you almost immune to fire.
   rPois:     It protects you from poison.
   -Tele:     It prevents most forms of teleportation.
 I - a +1 troll leather armour
   (You found it on level 10 of the Dungeon)
Jewellery
 f - an amulet of the acrobat (around neck)
   (You found it on level 1 of the Dungeon)
 m - an amulet of faith {!P}
   (You found it on level 8 of the Dungeon)
 o - a +4 ring of evasion
   (You found it on level 3 of the Dungeon)
 q - an amulet of reflection
   (You found it on level 4 of the Dungeon)
 r - the ring of Lafug (left claw) {MP+9 EV+4}
   (You found it on level 9 of the Dungeon)

   [ring of evasion]

   EV:        It affects your evasion (+4).
   MP:        It affects your magic capacity (+9).
 u - a ring of see invisible (right claw)
   (You found it on level 7 of the Dungeon)
Wands
 n - a wand of paralysis (11)
   (You found it on level 9 of the Dungeon)
 w - a wand of iceblast (16)
   (You found it on level 6 of the Dungeon)
 y - a wand of acid (5)
   (You found it on level 9 of the Dungeon)
 H - a wand of digging (6)
   (You bought it in a shop on level 10 of the Dungeon)
 L - a wand of flame (12)
   (You found it on level 1 of the Lair of Beasts)
Scrolls
 e - 2 scrolls of immolation {!r!r}
 l - 2 scrolls of magic mapping {!r}
 p - 7 scrolls of teleportation {@r4}
 N - a scroll of identify {@r1}
Potions
 c - a potion of flight
 h - 5 potions of attraction {!q}
 j - 2 potions of haste {@q3}
 k - 4 potions of lignification {!q}
 s - 5 potions of curing {@q1}
 x - a potion of invisibility
 A - 2 potions of berserk rage {!q}
 C - a potion of heal wounds {@q2}
 F - a potion of might
 G - a potion of cancellation
 K - a potion of experience {unknown}

Dungeon Overview and Level Annotations

Branches:
Dungeon (10/15)            Temple (1/1) D:6            Lair (2/6) D:10
    Orc (0/2) D:9
  Swamp: Lair:2-4    Shoals: Lair:2-4     Snake: Lair:2-4    Spider: Lair:2-4

Altars:
Ashenzari
Cheibriados
Dithmenos
Elyvilon
Fedhas
Gozag
Hepliaklqana
Kikubaaqudgha
Makhleb
Nemelex Xobeh
Okawaru
Qazlal
Ru
Sif Muna
Trog
Uskayaw
Vehumet
Wu Jian
Xom
Yredelemnul
Zin
The Shining One

Shops:
D:10

**
...........................#....
................................
.....#....P###...........#...#.
.....#....###.#.#.##P.....#....
≈≈≈≈.......#######.............
≈#P≈.......######..............
≈PP≈.P......##P##..............
..≈≈........§§§§...............
..#..#^..#..§§@§....####.#.#.##
#..#.##.).##.§§§#.### ########
#..##...#....§§§..# .
##..#..........# #............P#
#............## #..##........#
#.. #........#


There were no monsters in sight!


Message History

😕 HP[-13]
You take 13 damage, and now have 152/171 hp.
You catch the helpless Harold completely off-guard!
You slice Harold!!
You kill Harold!
Trog accepts your kill.
Trog appreciates your killing of a magic user.
Harold looks down at his mortal wounds and cries, "But... this was my last day before retirement..."
You slash the yak!
Your +11 hand axe "Jeomuipn" {spect, MP+9, axe} hits the yak! x2
You block the yak's attack.
Your Evocations skill increases to level 5! 😕 HP[+1]
You slash the yak!
Your +11 hand axe "Jeomuipn" {spect, MP+9, axe} hits the yak!
You kill the yak!
Trog accepts your kill.
Your +11 hand axe "Jeomuipn" {spect, MP+9, axe} hits the yak!
The yak closely misses your +11 hand axe "Jeomuipn" {spect, MP+9, axe}. 😕 HP[+2]
You now have 172 max hp (+1).
You regained 2 hp, and now have 155/172 hp.
You slice the yak!!
Your +11 hand axe "Jeomuipn" {spect, MP+9, axe} hits the yak!
Your +11 hand axe "Jeomuipn" {spect, MP+9, axe} hits the yak.
The yak gores your +11 hand axe "Jeomuipn" {spect, MP+9, axe} but does no damage. 😕 HP[+1]
You slash the yak!
You kill the yak!
Trog accepts your kill.
The yak bellows! 😕 HP[+1]
You slash the yak!
Your +11 hand axe "Jeomuipn" {spect, MP+9, axe} hits the yak!
You kill the yak!
Trog accepts your kill. 😕 HP[+2]
You regained 2 hp, and now have 159/172 hp.
b - 5 throwing nets {=f!fthrowing} (gained 4)
Things that are here:
a +0 war axe {axe}; a +0 scale mail; a yak corpse 😕 HP[+1]
You feel a strong urge to attack something.
t - 40 poisoned darts {throwing} (gained 1) 😕 HP[+2]
You regained 2 hp, and now have 162/172 hp.
You are no longer berserk.
You are exhausted.
You feel yourself slow down.
t - 41 poisoned darts {throwing} (gained 1) 😕 HP[-51]
You now have 115 max hp (-57).
You start resting. 😎 HP[+4]
Your hp is fully restored (115).
You start waiting.
The sentinel's mark upon you fades away.
You feel yourself speed up.
You recover from your berserk rage.
Done waiting.
t - 42 poisoned darts {throwing} (gained 1)
t - 43 poisoned darts {throwing} (gained 1)
t - 44 poisoned darts {throwing} (gained 1)
You now have 1360 gold pieces (gained 16).
p - 6 scrolls of teleportation {@r4} (gained 1)
Found an escape hatch in the ceiling.
Found a stone staircase leading up.
O - a scroll labelled IGIESTO VEENK
Found a stone staircase leading down.
A - 2 potions of berserk rage {!q} (gained 1)
There is a stone staircase leading down here.
You see here a +0 club {mace}.
You slash the fungus!
The fungus begins to die.
Your +11 hand axe "Jeomuipn" {spect, MP+9, axe} hits the fungus!!
A nearby fungus withers and dies.
Found a stone staircase leading up.
You now have 1369 gold pieces (gained 9).
p - 7 scrolls of teleportation {@r4} (gained 1)
As you read the scroll labelled FOUCVE XAURCH, it crumbles to dust.
It is a scroll of enchant armour.
Your +0 troll leather armour glows green for a moment.
As you read the scroll labelled IGIESTO VEENK, it crumbles to dust.
The scroll dissolves into smoke.
It was a scroll of fog.
Press: ? - help, v - describe, . - travel
Here: a plant (purple smoke)
The floor.
Saving game... please wait. 🤖 Initializing magus.rc ...
Options error: Delay interrupt name "hungry" not recognised. (~/.crawlrc:4764) ✅ Successfully initialized magus.rc [v1.9.6] Welcome back, RascalDebosk the Troll Fighter.
Trog says: Kill them all!
Press ? for a list of commands and other information. 🤖 Initializing magus.rc ...
Options error: Delay interrupt name "hungry" not recognised. (~/.crawlrc:4764) ✅ Successfully initialized magus.rc [v1.9.6] Welcome back, RascalDebosk the Troll Fighter.
Trog says: Kill them all!
Press ? for a list of commands and other information.
Are you sure you want to abandon this character and quit the game? (Confirm with "yes".)

Skill      XL: |  1  2  3  4  5  6  7  8  9 10 11 12 |
---------------+-------------------------------------+-----
Throwing       | 1 2 3 4 6 7 8 9 |  9.1
Axes           | 2 3 4 6 8 |  8.4
Armour         | 1 2 3 4 |  4.5
Evocations     | 1 2 3 4 5 |  5.0
Fighting       | 3 4 5 6 |  6.3
Shields        | 3 4 5 6 |  6.3
Dodging        | 3 4 5 6 |  6.3

Action                   |  1- 3 |  4- 6 |  7- 9 | 10-12 || total
-------------------------+-------+-------+-------+-------++-------
Melee: War axe           |   105 |   183 |    32 |       ||   320
       Hand axe          |       |       |   158 |   252 ||   410
Throw: Stone             |       |     6 |     4 |       ||    10
       Dart              |       |       |    29 |    58 ||    87
Invok: Berserk           |       |       |       |    12 ||    12
  Use: Scroll            |       |       |    17 |     9 ||    26
       Potion            |       |       |     1 |       ||     1
 Stab: Distracted        |       |       |     1 |     1 ||     2
Armor: Robe              |    38 |    45 |    27 |    30 ||   140
Dodge: Dodged            |    64 |   125 |   111 |    90 ||   390
Block: Kite shield       |    70 |   113 |    88 |    47 ||   318
       Tower shield      |       |       |       |    92 ||    92

Levels and vault maps discovered:
D:1:      evilmike_arrival_hilbert_curve, layout_rooms,
          hellmonk_ecumenical_altar_leap_of_faith
D:2:      minmay_alternating_diamond, layout_rooms, nicolae_underground_beach,
          uniq_jessica, uniq_terence
D:3:      layout_rooms, overflow_temple_1_default, ebering_ghost_disaster_area,
          chequers_serial_rivers_micro_a
D:4:      layout_basic, good_gods_temple_1, makhleb_heckhound_becter,
          pdpol_wu_jian_five_deadly_venoms, minmay_misc_feat_secret_circle,
          roderic_batcave
D:5:      layout_basic, serial_aquarium, aquarium_bridge_square
          [aquarium_subvault_wall, aquarium_subvault_window,
          aquarium_subvault_window, aquarium_subvault_bridge],
          aquarium_bridge_straight [aquarium_subvault_bridge,
          aquarium_subvault_wall, aquarium_subvault_bridge,
          aquarium_subvault_window], aquarium_window_corner,
          aquarium_window_fake, aquarium_view_2b, aquarium_pool_corner,
          grunt_ministairs_11, kb_lookout_dungeons_type, chequers_mini_garden,
          kennysheep_crisscross, uniq_edmund, uniq_menkaure
D:6:      layout_loops_cross, temple_doors_ab
D:7:      layout_basic, nicolae_uskayaw_en_pointe, due_unseen_surprise
D:8:      layout_basic, mainiacjoe_overflow_alcove_3
D:9:      layout_basic, jmf_multi_god_temple, david_orc_2, minmay_joined_circles
D:10:     layout_basic, david_lair_shrubbed, nicolae_specific_store, minivault_5
Temple:   chequers_temple_sunken
Lair:1:   layout_small_grid, serial_bayou_shore_b
Lair:2:   layout_gridlike, nicolae_spider_entry_orb_guardian,
          serial_bayou_pond_c, uniq_harold

Notes
Turn   | Place    | Note
-------+----------+-------------------------------------------
     0 | D:1      | RascalDebosk the Troll Fighter began the quest for the Orb.
     0 | D:1      | Reached XP level 1. HP: 22/22 MP: 0/0
     0 | D:1      | magus.rc [v1.9.6]
    49 | D:1      | Reached XP level 2. HP: 29/29 MP: 1/1
   412 | D:1      | Reached skill level 1 in Throwing
   412 | D:1      | Reached XP level 3. HP: 36/36 MP: 2/2
   427 | D:1      | Found a faded altar of an unknown god.
   597 | D:2      | Reached skill level 2 in Axes
   868 | D:2      | Noticed Jessica
   876 | D:2      | Killed Jessica
   877 | D:2      | Reached XP level 4. HP: 43/44 MP: 3/3
   992 | D:2      | Noticed a phantom
  1005 | D:2      | Killed a phantom
  1006 | D:2      | Reached skill level 2 in Throwing
  1006 | D:2      | Reached skill level 1 in Armour
  1006 | D:2      | Reached XP level 5. HP: 50/50 MP: 4/4
  1196 | D:2      | Noticed Terence
  1215 | D:2      | Killed Terence
  1259 | D:3      | Found an iron altar of Okawaru.
  1551 | D:3      | Found a large runed translucent door.
  1551 | D:3      | Found a large runed translucent door.
  1552 | D:3      | Noticed bigcatlittledog's ghost (amateur DsGl)
  1647 | D:3      | Reached skill level 1 in Evocations
  1978 | D:4      | Found a burning altar of Makhleb.
  1987 | D:4      | Reached skill level 3 in Fighting
  1987 | D:4      | Reached skill level 3 in Shields
  1987 | D:4      | Reached XP level 6. HP: 55/61 MP: 5/5
  2451 | D:4      | Found an ornate altar of the Wu Jian Council.
  2456 | D:4      | Noticed a spectral centipede
  2456 | D:4      | Noticed a spectral black mamba
  2456 | D:4      | Noticed a spectral cane toad
  2505 | D:4      | Reached skill level 3 in Dodging
  2557 | D:4      | Found a white marble altar of Elyvilon.
  2557 | D:4      | Found a glowing golden altar of the Shining One.
  2558 | D:4      | Found a glowing silver altar of Zin.
  2788 | D:5      | Entered Level 5 of the Dungeon
  2847 | D:5      | Reached skill level 3 in Axes
  2949 | D:5      | Reached skill level 3 in Throwing
  2949 | D:5      | Reached XP level 7. HP: 35/67 MP: 6/6
  3123 | D:5      | HP: 12/67 [centaur/arrow (11)]
  3331 | D:5      | Noticed Menkaure
  3338 | D:5      | Killed Menkaure
  3339 | D:5      | Reached skill level 2 in Armour
  3358 | D:5      | Identified the +11 hand axe "Jeomuipn" {spect, MP+9}
  3409 | D:5      | Noticed Edmund
  3425 | D:5      | Killed Edmund
  3430 | D:5      | Reached XP level 8. HP: 61/75 MP: 7/7
  3448 | D:5      | Reached skill level 4 in Axes
  3448 | D:5      | Reached skill level 4 in Throwing
  3448 | D:5      | Reached skill level 2 in Evocations
  4403 | D:6      | Reached skill level 4 in Fighting
  4462 | D:6      | Reached skill level 4 in Shields
  4508 | D:6      | Reached skill level 4 in Dodging
  4515 | D:6      | Reached XP level 9. HP: 74/84 MP: 8/8
  4611 | D:6      | Reached skill level 5 in Throwing
  4611 | D:6      | Reached skill level 3 in Armour
  4689 | D:6      | Reached skill level 5 in Axes
  4866 | D:6      | Found a staircase to the Ecumenical Temple.
  4878 | Temple   | Entered the Ecumenical Temple
  4900 | Temple   | Became a worshipper of Trog the Wrathful
  5612 | D:7      | Reached skill level 3 in Evocations
  5632 | D:7      | Noticed a +0 spear
  5632 | D:7      | Noticed a +0 short sword
  5632 | D:7      | Noticed a +0 dagger
  5632 | D:7      | Noticed a +0 spear
  5655 | D:7      | Noticed a two-headed ogre
  5665 | D:7      | Killed a two-headed ogre
  5666 | D:7      | Reached skill level 6 in Throwing
  5992 | D:7      | Noticed a +0 short sword
  5992 | D:7      | Noticed a +0 falchion
  5993 | D:7      | Noticed a +0 falchion
  5995 | D:7      | Noticed a +0 dagger
  5999 | D:7      | Found a hide-covered altar of Uskayaw.
  6157 | D:7      | Identified a scroll of acquirement
  6157 | D:7      | Acquired 937 gold pieces
  6241 | D:8      | Noticed a two-headed ogre
  6251 | D:8      | Killed a two-headed ogre
  6252 | D:8      | Reached skill level 6 in Axes
  6252 | D:8      | Reached XP level 10. HP: 79/94 MP: 9/9
  6305 | D:8      | Reached * piety under Trog
  6483 | D:8      | Identified the +1 mace of the Pharaoh's Fist {flame, rPois
                  | rF+ Str+2}
  6829 | D:8      | Reached skill level 4 in Armour
  6928 | D:8      | Found a blossoming altar of Fedhas.
  6929 | D:8      | Found a hazy altar of Hepliaklqana.
  6930 | D:8      | Found a sparkling altar of Nemelex Xobeh.
  6930 | D:8      | Found a radiant altar of Vehumet.
  7181 | D:8      | magus.rc [v1.9.6]
  7231 | D:9      | Found a shadowy altar of Dithmenos.
  7233 | D:9      | Found an ancient bone altar of Kikubaaqudgha.
  7236 | D:9      | Identified the ring of Lafug {MP+9 EV+4}
  7323 | D:9      | Reached skill level 5 in Fighting
  7324 | D:9      | Noticed a tengu warrior
  7326 | D:9      | Noticed a tengu warrior
  7338 | D:9      | Killed a tengu warrior
  7339 | D:9      | Reached skill level 5 in Dodging
  7339 | D:9      | Reached skill level 5 in Shields
  7351 | D:9      | Killed a tengu warrior
  7352 | D:9      | Reached skill level 7 in Throwing
  7354 | D:9      | Reached ** piety under Trog
  7525 | D:9      | Reached skill level 4 in Evocations
  7661 | D:9      | Noticed a red ugly thing
  7669 | D:9      | Killed a red ugly thing
  7773 | D:9      | Found a staircase to the Orcish Mines.
  7800 | D:9      | Reached XP level 11. HP: 90/104 MP: 10/10
  7885 | D:9      | Identified the +2 robe "Omoratul" {-Tele rPois rF+++ Dex-2}
  7931 | D:9      | Noticed a two-headed ogre
  7944 | D:9      | Killed a two-headed ogre
  7945 | D:9      | Reached skill level 7 in Axes
  8614 | D:3      | Killed bigcatlittledog's ghost
  8781 | D:10     | Entered Level 10 of the Dungeon
  8781 | D:10     | Found Wounejen's Specific Store.
  8785 | D:10     | Found Deduj's General Store.
  8804 | D:10     | Bought a scroll of identify for 24 gold pieces
  8804 | D:10     | Bought a potion of cancellation for 96 gold pieces
  8804 | D:10     | Bought a wand of digging (6) for 240 gold pieces
  8804 | D:10     | Bought a scroll of teleportation for 36 gold pieces
  8833 | D:10     | Found a staircase to the Lair.
  8890 | D:10     | Noticed a two-headed ogre
  8897 | D:10     | Killed a two-headed ogre
  8898 | D:10     | Reached skill level 8 in Throwing
  9289 | D:10     | Noticed a tengu warrior
  9291 | D:10     | Noticed a two-headed ogre
  9303 | D:10     | Killed a two-headed ogre
  9304 | D:10     | Killed a tengu warrior
  9413 | D:10     | Noticed a two-headed ogre
  9422 | D:10     | Killed a two-headed ogre
  9423 | D:10     | Reached skill level 6 in Fighting
  9471 | D:10     | Reached skill level 6 in Shields
  9673 | D:10     | Noticed a two-headed ogre
  9680 | D:10     | Killed a two-headed ogre
  9680 | D:10     | Reached *** piety under Trog
  9681 | D:10     | Reached skill level 8 in Axes
  9681 | D:10     | Reached skill level 6 in Dodging
  9910 | Lair:1   | Entered Level 1 of the Lair of Beasts
 10161 | Lair:1   | Reached XP level 12. HP: 111/114 MP: 11/11
 10433 | Lair:1   | magus.rc [v1.9.6]
 11011 | Lair:2   | Noticed Harold
 11022 | Lair:2   | Reached skill level 9 in Throwing
 11022 | Lair:2   | Killed Harold
 11023 | Lair:2   | Reached skill level 5 in Evocations
 11251 | Lair:2   | Upgraded the game from 0.27.1-34-g3ba077fa99 to
                  | 0.27.1-35-g4d5d836560
 11251 | Lair:2   | magus.rc [v1.9.6]
 11251 | Lair:2   | magus.rc [v1.9.6]
 11251 | Lair:2   | Quit the game

Vanquished Creatures
  Harold (Lair:2)
  7 two-headed ogres
  3 tengu warriors
  An ugly thing (D:9)
  3 cane toads (Lair:1)
  An unseen horror (D:9)
  A komodo dragon (D:10)
  2 trolls
  A wraith (D:10)
  2 wyverns (D:7)
  18 yaks
  A shadow (D:9)
  2 basilisks
  Menkaure (D:5)
  An acid dragon (D:9)
  Edmund (D:5)
  4 water moccasins
  A sky beast (D:5)
  A black bear (D:6)
  4 ogres
  An ice beast (D:6)
  4 orc warriors
  6 centaurs
  The ghost of bigcatlittledog the Ducker, an amateur DsGl (D:3)
  2 phantoms
  2 kobold brigands
  6 bullfrogs
  A water moccasin zombie (D:6)
  A wyvern zombie (D:6)
  A scorpion (D:5)
  A wyvern skeleton (D:7)
  14 killer bees
  7 wights
  5 howler monkeys
  A vampire bat (D:4)
  4 hounds
  A centaur zombie (D:9)
  A jelly (D:6)
  4 orc priests
  A gnoll shaman (D:8)
  Jessica (D:2)
  2 centaur skeletons
  A scorpion zombie (D:5)
  Terence (D:2)
  2 iguanas
  7 orc wizards
  A hound skeleton (D:4)
  2 howler monkey zombies
  6 gnolls
  5 adders
  A shadow imp (D:8)
  A white imp (D:7)
  An ufetubus (D:5)
  2 dart slugs (D:2)
  26 orcs
  3 ball pythons
  11 bats
  10 endoplasms
  4 giant cockroaches
  7 goblins
  4 hobgoblins
  2 jackals (D:1)
  3 quokkas
  A frilled lizard (D:2)
  14 kobolds
  4 rats
242 creatures vanquished.

Vanquished Creatures (others)
  A bush (D:5)
  8 fungi
  37 plants
46 creatures vanquished.

Grand Total: 288 creatures vanquished

Table legend:
 A = Non-vault XP
 B = Vault XP
 C = Vault XP percentage of total XP
 D = Non-vault monster count
 E = Vault monster count
 F = Vault count percentage of total count
                 A         B        C        D         E       F
            +---------+---------+-------+---------+---------+-------
      Total |   21412 |    4210 |  16.4 |     201 |      41 |  16.9
            +---------+---------+-------+---------+---------+-------
        D:1 |      43 |       0 |   0.0 |      17 |       0 |   0.0
        D:2 |     143 |      80 |  35.9 |      14 |       6 |  30.0
        D:3 |      82 |     115 |  58.4 |      14 |       1 |   6.7
        D:4 |      36 |     108 |  75.0 |       9 |       8 |  47.1
        D:5 |    1114 |     442 |  28.4 |      17 |       5 |  22.7
        D:6 |    1220 |       0 |   0.0 |      27 |       0 |   0.0
        D:7 |    1936 |       0 |   0.0 |      18 |       0 |   0.0
        D:8 |    1921 |       0 |   0.0 |      31 |       0 |   0.0
        D:9 |    4689 |    2122 |  31.2 |      18 |      19 |  51.4
       D:10 |    5985 |     378 |   5.9 |      14 |       1 |   6.7
     Lair:1 |    3156 |       0 |   0.0 |      16 |       0 |   0.0
     Lair:2 |    1087 |     965 |  47.0 |       6 |       1 |  14.3
            +---------+---------+-------+---------+---------+-------

Illustrated notes

Table legend:
 A = Kills in this place as a percentage of kills in entire the game.
 B = Kills by you in this place as a percentage of kills by you in the entire game.
 C = Kills by friends in this place as a percentage of kills by friends in the entire game.
 D = Other kills in this place as a percentage of other kills in the entire game.
 E = Experience gained in this place as a percentage of experience gained in the entire game.
 F = Experience gained in this place divided by the number of levels of this place that you have seen.
                   A       B       C       D       E      F
               +-------+-------+-------+-------+-------+----------------------
         Total | 100.0 | 100.0 |   N/A |   N/A | 100.0 | 1970.9
       Dungeon |  90.5 |  90.5 |   N/A |   N/A |  79.7 | 2041.4
          Lair |   9.5 |   9.5 |   N/A |   N/A |  20.3 | 2604.0
               +-------+-------+-------+-------+-------+----------------------

Table legend: (Time is in decaauts)
 A = Elapsed time spent in this place.
 B = Non-inter-level travel time spent in this place.
 C = Inter-level travel time spent in this place.
 D = Time resting spent in this place.
 E = Time spent auto-exploring this place.
 F = Levels seen in this place.
 G = Mean time per level.
                   A        B        C        D        E       F      G
               +--------+--------+--------+--------+--------+-----+--------+
         Total |  11673 |  10983 |    690 |   1523 |   3868 |  13 |  897.9 |
       Dungeon |  10045 |   9436 |    609 |   1187 |   3226 |  10 | 1004.5 |
        Temple |    253 |    221 |     32 |      0 |    193 |   1 |  253.0 |
          Lair |   1374 |   1325 |     49 |    335 |    449 |   2 |  687.0 |
               +--------+--------+--------+--------+--------+-----+--------+

Top non-repeatable levels by time:
     D:5: 1613 daAuts
     D:9: 1258 daAuts
    D:10: 1181 daAuts
  Lair:1: 1084 daAuts
     D:8: 1050 daAuts
     D:4: 1024 daAuts
     D:6: 947 daAuts
     D:7: 857 daAuts
     D:2: 754 daAuts
     D:1: 690 daAuts
     D:3: 667 daAuts
  Lair:2: 290 daAuts
  Temple: 253 daAuts
